 Dungeon Crawl Stone Soup version 0.30-a0-782-ge64f9170bb (webtiles) character file.

Game seed: 2174613964971811621

22 Zonian the Sneak (level 2, -1/15 HPs)
             Began as a Vine Stalker Brigand on Feb 18, 2023.
             Slain by a kobold
             ... wielding a +0 club
              (2 damage)
             ... on level 2 of the Dungeon.
             The game lasted 00:01:54 (848 turns).

Zonian the Sneak (Vine Stalker Brigand)              Turns: 848, Time: 00:01:55

Health: -1/15      AC:  3    Str: 10 (13) XL:     2   Next: 91%
Magic:  0/3        EV: 11    Int: 10 (11) God:
Gold:   62         SH:  0    Dex: 12 (15) Spells: 1/1 levels left

rFire   . . .      SeeInvis .    a - +2 dagger
rCold   . . .      Faith    .    (no shield)
rNeg    . . .      Spirit   +    b - +0 robe
rPois   .          Reflect  .    (no helmet)
rElec   .          Harm     .    c - +0 cloak
rCorr   .          Rampage  .    (no gloves)
Will    .....                    (no boots)
Stlth   +++                      (no amulet)
HPRegen 0.22/turn                (no ring)
MPRegen 0.08/turn                (no ring)

@: brilliant, lethally poisoned (-1 -> -2), attractive
A: fangs 2, magic shield, antimagic bite, no potion heal 2
a: no special abilities


You were on level 2 of the Dungeon.
You visited 1 branch of the dungeon, and saw 2 of its levels.

You collected 62 gold pieces.

Inventory:

Hand Weapons
 a - a +2 dagger (weapon)
Missiles
 d - 14 poisoned darts (quivered)
 e - 3 curare-tipped darts
Armour
 b - a +0 robe (worn)
 c - a +0 cloak (worn)
Scrolls
 g - a scroll of identify {unknown}
 k - a scroll of fog {unknown}
Potions
 i - a potion of ambrosia {unknown}


   Skills:
 + Level 2.0 Fighting
 + Level 2.0 Short Blades
 + Level 2.0 Throwing
 + Level 1.1 Dodging
 + Level 5.1 Stealth


You had one spell level left.
You didn't know any spells.
Your spell library was empty.

Dungeon Overview and Level Annotations

Branches:
Dungeon (2/15)

Altars:


Innate Abilities, Weirdness & Mutations

You have extremely sharp teeth.
When hurt, damage is shared between your health and your magic reserves.
Your bite disrupts and absorbs the magic of your enemies.
Potions cannot restore your health.


Message History

You see here a +0 club.
There is a stone staircase leading up here.
You climb upwards.
There is a stone staircase leading down here.
Unknown command.
There is a stone staircase leading down here.
There is a stone staircase leading down here.
You climb downwards.
There is a stone staircase leading up here.
Unknown command.
You open the door.
A kobold comes into view. It is wielding a +0 club.
An adder comes into view.
Found a scroll labelled VUOVOO EDIMMUCSAVI.
There is an open door here.
The kobold shouts!
The adder bites you but does no damage.
You hit the adder.
The adder is moderately wounded.
The adder bites you.
You are poisoned.
The adder poisons you!
An adder comes into view.
The kobold hits you with a +0 club.
It was a potion of brilliance.
You feel clever all of a sudden.
You feel sick. The adder barely misses you.
The adder bites you but does no damage. The kobold barely misses you.
It was a potion of degeneration.
There was something very wrong with that liquid.
You feel weakened.
You feel dopey.
You feel clumsy.
You feel sick. The adder bites you.
* * * LOW HITPOINT WARNING * * *
The kobold hits you with a +0 club.
* * * LOW HITPOINT WARNING * * *
It was a potion of attraction.
You feel attractive to monsters.
* * * LOW HITPOINT WARNING * * *
You feel sick. The adder bites you. The kobold hits you with a +0 club.
You die...

###### . #.S..#
...## #@KS.#
......###....###
.......<'........
.####.#.#....####
# # #.#....# .##
..#....#
..##############
#.#......#
#.#......#


You could see 2 adders and a kobold.

Vanquished Creatures
  2 bats
  4 endoplasms (D:1)
  2 goblins (D:1)
  2 jackals (D:2)
  4 ball pythons
  3 frilled lizards (D:1)
  5 rats (D:1)
22 creatures vanquished.

Notes
Turn   | Place    | Note
-------+----------+-------------------------------------------
     0 | D:1      | Zonian the Vine Stalker Brigand began the quest for the
                  | Orb.
     0 | D:1      | Reached XP level 1. HP: 11/11 MP: 2/2
   153 | D:1      | Reached skill level 1 in Dodging
   153 | D:1      | Reached XP level 2. HP: 15/15 MP: 3/3
   158 | D:1      | Reached skill level 5 in Stealth
   848 | D:2      | Slain by a kobold

Illustrated notes

Levels and vault maps discovered:
D:1:      nzn_arrival_water_spiral, layout_loops_ring
D:2:      layout_basic, chequers_jeans, hangedman_abyss_or_decor_stabs

Skill      XL: |  1  2 |
---------------+-------+-----
Dodging        | 1 |  1.1
Stealth        | 5 |  5.1
Fighting       | 2 |  2.0
Short Blades   | 2 |  2.0
Throwing       | 2 |  2.0

Action                     || total
---------------------------++-------
  Melee: Dagger            ||    47
         Bite              ||     7
         Punch             ||     1
    Use: Potion            ||     3
   Stab: Sleeping          ||     5
 Armour: Robe              ||    11
  Dodge: Dodged            ||    28

Table legend: (Time is in decaauts)
 A = Elapsed time spent in this place.
 B = Non-inter-level travel time spent in this place.
 C = Inter-level travel time spent in this place.
 D = Time resting spent in this place.
 E = Time spent auto-exploring this place.
 F = Levels seen in this place.
 G = Mean time per level.
                   A        B        C        D        E       F      G
               +--------+--------+--------+--------+--------+-----+--------+
         Total |    848 |    772 |     76 |      0 |    559 |   2 |  424.0 |
       Dungeon |    848 |    772 |     76 |      0 |    559 |   2 |  424.0 |
               +--------+--------+--------+--------+--------+-----+--------+

Top non-repeatable levels by time:
     D:1: 766 daAuts
     D:2: 81 daAuts
